 Dungeon Crawl Stone Soup version 0.31.0-11-ge490571c62 (webtiles) character file.

Game seed: 6414094648957046077

22 PaiMei the Digger (level 2, 0/15 HPs)
             Began as a Gargoyle Earth Elementalist on Jan 29, 2024.
             Killed from afar by Sigmund (12 damage)
             ... with a magic dart
             ... on level 2 of the Dungeon.
             The game lasted 00:01:38 (723 turns).

PaiMei the Digger (Gargoyle Earth Elementalist)      Turns: 723, Time: 00:01:39

Health: 0/15       AC:  4    Str: 11    XL:     2   Next: 91%
Magic:  5/5        EV: 12    Int: 15    God:
Gold:   25         SH:  0    Dex: 10    Spells: 4/5 levels left

rFire   . . .        c - +0 dagger
rCold   . . .        (no shield)
rNeg    + . .        a - +0 robe
rPois   ∞            (no helmet)
rElec   +            (no cloak)
rCorr   .            (no gloves)
SInv    .            (no boots)
Will    .....        (no amulet)
Stlth   ++           (no ring)
HPRegen 0.22/turn    (no ring)
MPRegen 0.09/turn

%: no passive effects
@: no status effects
A: sickness immunity, AC +2, negative energy resistance 1, electricity
resistance, torment resistance 1, petrification resistance
a: no special abilities


You were on level 2 of the Dungeon.
You visited 1 branch of the dungeon, and saw 2 of its levels.

You collected 25 gold pieces.

Inventory:

Hand Weapons
 c - a +0 dagger (weapon)
Armour
 a - a +0 robe (worn)
Scrolls
 d - a scroll of identify {unknown}
 f - a scroll of enchant armour {unknown}
Potions
 b - a potion of magic
 e - a potion of attraction {unknown}
 g - a potion of resistance {unknown}


   Skills:
 + Level 1.8 Dodging
 + Level 2.6 Stealth
 + Level 2.2 Spellcasting
 + Level 1.6 Conjurations
 + Level 3.9 Earth Magic


You had 4 spell levels left.
You knew the following spells:

 Your Spells              Type           Power      Damage    Failure   Level
a - Sandblast             Erth           26%        2d8       4%          1

Your spell library contained the following spells:

 Spells                   Type           Power      Damage    Failure   Level
 Passwall                 Erth           13%        N/A       13%         3
 Stone Arrow              Conj/Erth      20%        3d8       21%         3
 Brom's Barrelling Bould  Conj/Erth      10%        2d3       56%         4
 Petrify                  Alch/Erth      7%         N/A       67%         4


Dungeon Overview and Level Annotations

Branches:
Dungeon (1/15)

Altars:

Annotations:
D:2 Sigmund


Innate Abilities, Weirdness & Mutations

You are immune to sickness and miasma.
Your stone body is resilient. (AC +2)
You are immune to poison.
You resist negative energy. (rN+)
You are resistant to electric shocks. (rElec)
You are resistant to unholy torment.
You are immune to petrification.


Message History

You fall into a shaft and drop 1 floor!
The shaft crumbles and collapses.
Found a scroll labelled ZUACOPH YSHRITZ and a golden potion.
A dart slug comes into view.
You hit the dart slug.
The dart slug is heavily wounded.
The dart slug barely misses you.
You hit the dart slug.
The dart slug is severely wounded.
The dart slug launches a dart at you. The slug dart misses you.
You hit the dart slug.
You kill the dart slug!
f - a scroll labelled ZUACOPH YSHRITZ
g - a golden potion A rat comes into view.
The rat squeaks loudly.
A rat comes into view.
Sigmund the Dreaded comes into view.
He is wielding a +0 scythe.
The rat completely misses you.
You barely miss the rat.
Sigmund shouts!
The rat bites you.
You hit the rat.
The rat is moderately wounded.
The rat bites you but does no damage.
Sigmund casts a spell.
Sigmund flickers and vanishes!
Deactivating autopickup; reactivate with Ctrl-A.
You hit the rat.
You kill the rat!
A puff of flame appears from out of thin air!
The puff of flame hits you!
Ouch! That really hurt!
Found a pink potion.
Found a stone staircase leading down.
A magic dart appears from out of thin air!
The magic dart hits you!
Ouch! That really hurt!
You die...

#........#### ...
.....>..... #.#
......... #.#
....... #.# .....
########.# ...
.........# #.#
.........#######@#
............{....#
........###....#!#
........# #....#...
........# #....#..##
........###....#..#
...................
........###.....#.##
....##### ###...#.#


There were no monsters in sight!

Vanquished Creatures
  A dart slug (D:2)
  2 endoplasms (D:1)
  A giant cockroach (D:1)
  4 goblins (D:1)
  A hobgoblin (D:1)
  A quokka (D:1)
  A bat (D:1)
  2 frilled lizards (D:1)
  A kobold (D:1)
  6 rats
20 creatures vanquished.

Notes
Turn   | Place    | Note
-------+----------+-------------------------------------------
     0 | D:1      | PaiMei the Gargoyle Earth Elementalist began the quest for
                  | the Orb.
     0 | D:1      | Reached XP level 1. HP: 10/10 MP: 3/3
   364 | D:1      | Reached XP level 2. HP: 15/15 MP: 5/5
   656 | D:1      | You fall into a shaft and drop 1 floor!
   687 | D:2      | Noticed Sigmund
   723 | D:2      | Killed from afar by Sigmund

Illustrated notes

Levels and vault maps discovered:
D:1:      ebering_trefoil_3fold, layout_loops_corners
D:2:      layout_basic, minmay_fountain_box, uniq_jessica, uniq_sigmund

Action                     || total
---------------------------++-------
  Melee: Dagger            ||    89
         Unarmed           ||     4
   Cast: Sandblast         ||     1
   Stab: Sleeping          ||     2
 Armour: Robe              ||    44
  Dodge: Dodged            ||    69
